 Dungeon Crawl Stone Soup version 0.30.0-29-ga12c61a403 (webtiles) character file.

Game seed: 1305664644868133207

2802 ces the Skirmisher (level 9, -2/41 HPs)
             Began as a Spriggan Hunter on June 26, 2023.
             Was an Initiate of Gozag.
             Slain by a hornet (10 damage)
             ... on level 8 of the Dungeon.
             The game lasted 00:22:46 (7717 turns).

ces the Skirmisher (Spriggan Hunter)                Turns: 7717, Time: 00:22:47

Health: -2/41      AC:  3    Str: 12    XL:     9   Next: 44%
Magic:  10/10      EV: 19    Int: 13    God:    Gozag
Gold:   778        SH:  0    Dex: 26    Spells: 8/8 levels left

rFire   + . .        a - +4 shortbow
rCold   x . .        (shield currently unavailable)
rNeg    . . .        c - +1 robe
rPois   .            (helmet restricted)
rElec   .            (no cloak)
rCorr   .            (gloves unavailable)
SInv    +            (boots unavailable)
Will    ++...        (no amulet)
Stlth   ++           u - ring "Qoeheaqy" {Fire Int+3}
HPRegen 0.26/turn    l - +6 ring of strength
MPRegen 0.12/turn

%: no passive effects
@: lethally poisoned (-2 -> -8), slowed, unable to drink, quick
A: very small, no large weapons, unfitting armour, see invisible, speed 3,
antennae 1, agile 1, strong-willed 1, no potion heal 1, inability to drink after
injury 1, noise suppression
a: Renounce Religion, Potion Petition, Call Merchant, Bribe Branch


You were on level 8 of the Dungeon.
You worshipped Gozag.
Gozag was pleased with you.
You visited 2 branches of the dungeon, and saw 9 of its levels.

You collected 903 gold pieces.
You paid 125 gold pieces to Gozag.

Inventory:

Hand Weapons
 a - a +4 shortbow (weapon)
Missiles
 t - a throwing net
Armour
 c - a +1 robe (worn)
Jewellery
 d - a ring of wizardry
 f - a ring of resist corrosion
 l - a +6 ring of strength (right hand)
 u - the ring "Qoeheaqy" (left hand) {Fire Int+3}
   (You found it on level 7 of the Dungeon)

   [ring of fire]

   It enhances your fire magic.
   Int:       It affects your intelligence (+3).
   rF:        It protects you from fire.
   rC:        It makes you vulnerable to cold.
 w - a ring of fire
Wands
 p - a wand of polymorph (8)
Scrolls
 b - 2 scrolls of immolation
 e - a scroll of enchant weapon
 v - a scroll of torment
Potions
 g - a potion of haste
 h - 4 potions of curing
 j - a potion of attraction
 k - 2 potions of berserk rage
 m - a potion of heal wounds
 n - a potion of flight
 o - 2 potions of invisibility
 q - a potion of brilliance {unknown}
 r - 2 potions of magic {unknown}
 s - a potion of ambrosia


   Skills:
 - Level 1.5 Fighting
 + Level 13.4 Ranged Weapons
 + Level 3.4 Dodging
 - Level 1.5 Stealth


You had 8 spell levels left.
You didn't know any spells.
Your spell library contained the following spells:

 Spells                   Type           Power      Damage    Failure   Level
 Sting                    Tmut/Pois      0%         1d3       30%         1
 Ensorcelled Hibernation  Hex/Ice        0%         N/A       43%         2
 Passwall                 Tmut/Erth      0%         N/A       43%         2
 Poisonous Vapours        Pois/Air       0%         N/A       43%         2
 Sublimation of Blood     Necr           0%         N/A       43%         2
 Wereblood                Tmut           0%         N/A       43%         2
 Swiftness                Air            0%         N/A       67%         3
 Olgreb's Toxic Radiance  Pois           0%         N/A       97%         4
 Summon Hydra             Summ           0%         N/A       100%        7


Dungeon Overview and Level Annotations

Branches:
Dungeon (8/15)             Temple (1/1) D:6
   Lair: D:8-11

Altars:
Ashenzari
Cheibriados
Elyvilon
Fedhas
Gozag
Kikubaaqudgha
Makhleb
Nemelex Xobeh
Okawaru
Qazlal
Ru
Sif Muna
Trog
Uskayaw
Vehumet
Wu Jian
Xom
Yredelemnul
Zin
The Shining One

Shops:
D:1 (   D:2 *   D:3 !   D:7 =

Annotations:
D:5 Sigmund


Innate Abilities, Weirdness & Mutations

You are very small and have problems with some larger weapons.
You are too small for most types of armour.
You have supernaturally acute eyesight. (SInv)
You cover ground extremely quickly. (Speed+++)
You have a pair of small antennae on your head.
You are agile. (Dex +4, Str/Int -1)
You are strong-willed. (Will+)
Potions are less effective at restoring your health.
You occasionally lose the ability to drink potions when taking damage.
You passively dampen the noise of your surroundings.


Message History

You resist with almost no effort.
You shoot an arrow. The arrow barely misses Erica.
You shoot an arrow. The arrow hits Erica.
Erica is almost dead.
You shoot an arrow. The arrow barely misses Erica.
You shoot an arrow. The arrow closely misses Erica.
You shoot an arrow. The arrow hits Erica!
You kill Erica!
Your Ranged Weapons skill increases to level 13!
There is a stone staircase leading up here.
You hear the rapid hiss of a very distant avalanche of sand.
You now have 778 gold pieces (gained 8).
Things that are here:
a +1 scimitar of flaming; a +0 robe The hiss of flowing sand is almost imperceptible now.
There is a stone staircase leading down here.
The walls and floor vibrate strangely for a moment.
Found a shimmering blue altar of Sif Muna.
The hornet buzzes angrily.
You shoot an arrow. The arrow closely misses the hornet.
You shoot an arrow. The arrow hits the hornet.
The hornet is lightly wounded.
You shoot an arrow.
The arrow hits the hornet but does no damage.
The hornet is lightly wounded.
You shoot an arrow. The arrow misses the hornet.
You shoot an arrow. The arrow hits the hornet.
The hornet is moderately wounded.
The hornet stings you!
You are poisoned.
You feel yourself slow down. The hornet attacks as you move away!
The hornet stings you!
You feel as though you will be slow longer.
* * * LOW HITPOINT WARNING * * *
You feel very sick.
* * * LOW HITPOINT WARNING * * *
You feel sick. The hornet stings you!
You feel threatened and lose the ability to drink potions!
You die...
Your body crumbles into a pile of gold.

####.# #....# #.##.# #.##.#
############## #.##.#
.......##....# #.##.###
.......##....# #......#
.......##....#############..##
...............y@.....>.....####
........#....###.#####.####....#
........#....# #.# #.# ####.#
........#....# #.#####.#### #)#
........###### #.#........# #.#
...#....# #.#........# #.#
...#....# #.#........####.#
...#....# #..............<#
###........####.#


You could see a hornet.

Vanquished Creatures
  Erica (D:8)
  A water moccasin (D:7)
  4 orc warriors
  An ice beast (D:7)
  A black bear (D:7)
  A sky beast (D:6)
  An ogre (D:6)
  2 centaurs
  2 bullfrogs
  A gnoll sergeant (D:7)
  2 scorpions
  3 wights (D:7)
  2 howler monkeys
  2 hounds
  3 orc priests
  Crazy Yiuf (D:3)
  A sleepcap (D:7)
  Jessica (D:3)
  Terence (D:2)
  2 iguanas (D:6)
  3 orc wizards
  8 adders
  9 gnolls
  A white imp (D:6)
  An ufetubus (D:7)
  A worm (D:3)
  4 dart slugs
  31 orcs
  5 bats
  3 endoplasms
  2 giant cockroaches (D:2)
  3 goblins
  5 hobgoblins
  2 jackals (D:5)
  6 quokkas
  10 ball pythons
  A frilled lizard (D:2)
  3 kobolds
  5 rats
136 creatures vanquished.

Vanquished Creatures (others)
  An orc wizard (D:6)
1 creature vanquished.

Grand Total: 137 creatures vanquished

Notes
Turn   | Place    | Note
-------+----------+-------------------------------------------
     0 | D:1      | ces the Spriggan Hunter began the quest for the Orb.
     0 | D:1      | Reached XP level 1. HP: 10/10 MP: 2/2
   208 | D:1      | Reached XP level 2. HP: 14/14 MP: 3/3
   366 | D:1      | Reached skill level 5 in Ranged Weapons
   442 | D:1      | Reached XP level 3. HP: 7/18 MP: 4/4
   917 | D:1      | Found a faded altar of an unknown god.
   929 | D:1      | Found Otu Kekarph's Weapon Boutique.
  1305 | D:2      | Noticed Terence
  1365 | D:2      | Killed Terence
  1366 | D:2      | Reached XP level 4. HP: 20/22 MP: 5/5
  1697 | D:2      | Found Geroshev Bar's General Store.
  1815 | D:2      | Reached skill level 6 in Ranged Weapons
  1861 | D:2      | Gained mutation: You are frail. (-10% HP) [potion of
                  | mutation]
  1861 | D:2      | Gained mutation: You have large cloven feet. [potion of
                  | mutation]
  1862 | D:2      | Lost mutation: You have large cloven feet. [potion of
                  | mutation]
  1862 | D:2      | Lost mutation: You are frail. (-10% HP) [potion of
                  | mutation]
  1862 | D:2      | Gained mutation: You have large cloven feet. [potion of
                  | mutation]
  1862 | D:2      | Gained mutation: Your spells are a little harder to cast,
                  | but a little more powerful. [potion of mutation]
  1862 | D:2      | Gained mutation: You occasionally lose the ability to read
                  | scrolls when taking damage. [potion of mutation]
  1863 | D:2      | Lost mutation: You have large cloven feet. [potion of
                  | mutation]
  1863 | D:2      | Lost mutation: Your spells are a little harder to cast, but
                  | a little more powerful. [potion of mutation]
  1863 | D:2      | Gained mutation: Your magical capacity is low. (-10% MP)
                  | [potion of mutation]
  1863 | D:2      | Gained mutation: You are agile. (Dex +4, Str/Int -1)
                  | [potion of mutation]
  1863 | D:2      | Gained mutation: You have a pair of small horns on your
                  | head. [potion of mutation]
  2027 | D:3      | Noticed Jessica
  2032 | D:3      | Killed Jessica
  2075 | D:3      | Lost mutation: You are agile. (Dex +4, Str/Int -1) [potion
                  | of mutation]
  2075 | D:3      | Lost mutation: You have a pair of small horns on your head.
                  | [potion of mutation]
  2075 | D:3      | Lost mutation: You occasionally lose the ability to read
                  | scrolls when taking damage. [potion of mutation]
  2075 | D:3      | Gained mutation: You are agile. (Dex +4, Str/Int -1)
                  | [potion of mutation]
  2075 | D:3      | Gained mutation: Your muscles are strong. (Str +4, Int/Dex
                  | -1) [potion of mutation]
  2371 | D:3      | Found a runed translucent door.
  2372 | D:3      | Noticed Crazy Yiuf
  2443 | D:3      | Reached XP level 5. HP: 25/25 MP: 5/5
  2499 | D:3      | Found Fuckeg's Distillery.
  2984 | D:3      | Killed Crazy Yiuf
  3233 | D:4      | Found a sacrificial altar of Ru.
  3612 | D:4      | Found a shimmering altar of Xom.
  3620 | D:4      | Found an ancient bone altar of Kikubaaqudgha.
  3620 | D:4      | Found a hide-covered altar of Uskayaw.
  3622 | D:4      | Found a white marble altar of Elyvilon.
  3659 | D:5      | Entered Level 5 of the Dungeon
  3731 | D:5      | Reached skill level 7 in Ranged Weapons
  3840 | D:5      | Reached XP level 6. HP: 26/30 MP: 6/6
  4269 | D:5      | Reached skill level 8 in Ranged Weapons
  4427 | D:6      | Noticed Sigmund
  4448 | D:6      | Found a staircase to the Ecumenical Temple.
  4454 | Temple   | Entered the Ecumenical Temple
  4512 | Temple   | Became a worshipper of Gozag Ym Sagoz the Greedy
  4537 | D:6      | Reached XP level 7. HP: 33/33 MP: 7/7
  4595 | D:6      | Noticed a steam dragon
  4947 | D:7      | Identified the ring "Qoeheaqy" {Fire Int+3}
  4959 | D:7      | Lost mutation: You are agile. (Dex +4, Str/Int -1) [potion
                  | of mutation]
  4959 | D:7      | Lost mutation: Your muscles are strong. (Str +4, Int/Dex
                  | -1) [potion of mutation]
  4959 | D:7      | Gained mutation: You occasionally lose the ability to drink
                  | potions when taking damage. [potion of mutation]
  4959 | D:7      | Gained mutation: You are covered in fur. (AC +1) [potion of
                  | mutation]
  4960 | D:7      | Lost mutation: You are covered in fur. (AC +1) [potion of
                  | mutation]
  4960 | D:7      | Lost mutation: Your magical capacity is low. (-10% MP)
                  | [potion of mutation]
  4960 | D:7      | Gained mutation: Potions are less effective at restoring
                  | your health. [potion of mutation]
  4960 | D:7      | Gained mutation: You have a pair of small antennae on your
                  | head. [potion of mutation]
  4960 | D:7      | Gained mutation: You have hidden genetic potential. [potion
                  | of mutation]
  4960 | D:7      | Gained mutation: You are strong-willed. (Will+) [potion of
                  | mutation]
  5014 | D:7      | Found Nucy's Jewellery Emporium.
  5077 | D:7      | Reached skill level 9 in Ranged Weapons
  5928 | D:6      | Reached skill level 10 in Ranged Weapons
  5979 | D:6      | Reached XP level 8. HP: 33/37 MP: 9/9
  5992 | D:6      | Gained mutation: You are agile. (Dex +4, Str/Int -1)
                  | [hidden potential]
  6128 | D:6      | Found a stormy altar of Qazlal.
  6322 | D:7      | Reached skill level 11 in Ranged Weapons
  6525 | D:7      | Reached skill level 12 in Ranged Weapons
  7284 | D:8      | Reached XP level 9. HP: 41/41 MP: 10/10
  7320 | D:8      | Gained mutation: You passively dampen the noise of your
                  | surroundings. [hidden potential]
  7320 | D:8      | Lost mutation: You have hidden genetic potential. [hidden
                  | potential expressed]
  7616 | D:8      | Noticed Erica
  7661 | D:8      | Killed Erica
  7662 | D:8      | Reached skill level 13 in Ranged Weapons
  7694 | D:8      | Found a shimmering blue altar of Sif Muna.
  7717 | D:8      | Slain by a hornet

Illustrated notes

Levels and vault maps discovered:
D:1:      evilmike_arrival_hilbert_curve, layout_basic, serial_shops, shop,
          ebering_ecumenical_altar_webs
D:2:      layout_loops_ring, serial_shops, shop, roderic_roman_lattice,
          uniq_terence
D:3:      layout_loops_ring, serial_shops, shop, uniq_jessica,
          uniq_crazy_yiuf_cottage
D:4:      layout_cave_pools, mainiacjoe_overflow_alcove_3, amcnicky_altar_gilded
D:5:      layout_loops_cross, serial_bayou_crossing
D:6:      layout_basic, grunt_qazlal_clouds, minmay_temple_entry_fiery,
          serial_glass, glass_columns_b, glass_columns_b, uniq_sigmund
D:7:      layout_rooms, serial_shops, nicolae_shop_back_alley_shop
D:8:      layout_basic, riverfiend_overflow_shadow_ancestor, led_sif_book,
          enter_ossuary_4, uniq_erica, uniq_prince_ribbit1
Temple:   nicolae_temple_god_jail

Skill      XL: |  1  2  3  4  5  6  7  8  9 |
---------------+----------------------------+-----
Ranged Weapons | 5 6 7 8 10 12 13 | 13.4
Dodging        | 3 |  3.4
Fighting       | |  1.5
Stealth        | |  1.5

Action                     |  1- 3 |  4- 6 |  7- 9 || total
---------------------------+-------+-------+-------++-------
  Melee: Unarmed           |       |    11 |       ||    11
   Fire: Shortbow          |    94 |   167 |   260 ||   521
    Use: Potion            |       |     5 |     3 ||     8
         Scroll            |       |     3 |    14 ||    17
 Armour: Robe              |       |     4 |       ||     4
  Dodge: Dodged            |    16 |    54 |    43 ||   113
